 Dungeon Crawl Stone Soup version 0.27-a0-887-gcab673c142 (webtiles) character file.

Game seed: 7075801689176937541

23 Hasart the Skirmisher (level 2, -7/25 HPs)
             Began as a Demigod Fighter on Apr 4, 2021.
             Mangled by an orc
             ... wielding a +0 war axe
              (8 damage)
             ... on level 3 of the Dungeon.
             The game lasted 00:01:16 (1711 turns).

Hasart the Skirmisher (Demigod Fighter)             Turns: 1711, Time: 00:01:16

Health: -7/25      AC:  6    Str: 17    XL:     2   Next: 54%
Magic:  4/4        EV:  7    Int: 10    God:
Gold:   16         SH:  9    Dex: 13    Spells: 1/1 levels left

rFire    . . .     SeeInvis .   a - +0 war axe
rCold    . . .     Faith    .   c - +0 kite shield
rNeg     . . .     Spirit   .   b - +0 scale mail
rPois    .         Reflect  .   (no helmet)
rElec    .         Harm     .   (no cloak)
rCorr    .         Rampage  .   (no gloves)
Will     .....                  (no boots)
Stlth    ..........             (no amulet)
HPRegen  0.08/turn              (no ring)
MPRegen  0.09/turn              (no ring)

@: no status effects
A: high mp 1, forlorn
a: no special abilities


You were on level 3 of the Dungeon.
You visited 1 branch of the dungeon, and saw 3 of its levels.

You collected 16 gold pieces.

Inventory:

Hand Weapons
 a - a +0 war axe (weapon)
Armour
 b - a +0 scale mail (worn)
 c - a +0 kite shield (worn)
 m - a +0 tower shield
Wands
 n - a wand of flame (17)
Scrolls
 e - a scroll of fear {unknown}
 f - a scroll of vulnerability {unknown}
 g - a scroll of amnesia {unknown}
 l - a scroll of identify {unknown}
Potions
 d - a potion of might
 h - a potion of curing {unknown}
 i - a potion of ambrosia {unknown}
 j - a potion of haste {unknown}
 k - a potion of heal wounds {unknown}
 o - a potion of berserk rage {unknown}


   Skills:
 + Level 2.9 Fighting
 * Level 2.4 Axes
 - Level 2.8 Armour
 - Level 2.8 Shields


You had one spell level left.
You didn't know any spells.
Your spell library contained the following spells:

 Spells                   Type           Power      Damage    Failure   Level
 Magic Dart               Conj           0%         1d3       99%         1
 Blink                    Tloc           N/A        N/A       100%        2
 Call Imp                 Summ           0%         N/A       100%        2
 Slow                     Hex            0%         N/A       100%        2
 Conjure Flame            Conj/Fire      0%         6-21      100%        3
 Mephitic Cloud           Conj/Pois/Air  0%         N/A       100%        3


Dungeon Overview and Level Annotations

Branches:
Dungeon (3/15)


Innate Abilities, Weirdness & Mutations

Your attributes grow dramatically as you level up.
You have an increased reservoir of magic. (+10% MP)
You shall have no god before yourself.


Message History

You hit the frilled lizard.
You kill the frilled lizard!
Unknown command.
You barely miss the orc priest. You slash the orc priest!
You block the orc priest's attack.
The orc priest calls down the wrath of Beogh upon you.
Pain shoots through your body! The orc priest closely misses you.
Unknown command.
You hit the orc priest.
The orc priest is moderately wounded.
You hit the orc. You hit the orc priest.
The orc priest hits you with a +0 club. The orc priest barely misses you.
You block the orc's attack. The orc priest hits you with a +0 club.
The orc hits you with a +0 war axe. The orc priest barely misses you.
Unknown command.
You closely miss the orc priest.
The orc priest is moderately wounded.
You hit the orc priest. You closely miss the orc.
The orc priest hits you with a +0 club.
The orc priest hits you but does no damage.
You block the orc's attack.
The orc priest calls upon Beogh to heal the orc.
The orc's wounds heal themselves!
You closely miss the orc priest.
The orc priest is moderately wounded.
You closely miss the orc. You closely miss the orc priest.
The orc priest begins to cast a cantrip, but forgets the words!
The orc hits you but does no damage. You block the orc priest's attack.
The orc priest looks satisfied for a moment.
The orc hits you with a +0 war axe.
* * * LOW HITPOINT WARNING * * *
You hit the orc priest.
The orc priest is severely wounded.
You hit the orc. You barely miss the orc priest.
The orc priest casts a cantrip, but nothing happens.
The orc priest hits you but does no damage.
You block the orc's attack. The orc priest hits you with a +0 club.
* * * LOW HITPOINT WARNING * * *
The orc hits you with a +0 war axe!
You die...

#### #....... ....
#..#?...... ....
#..#.....# ....
##..#.....# . ....
##...#.....#..
....
#...##........
#####
#...##.o......
#...#
##+##.....@o......
#.#.#
#........#o####...
#.#.#
#........#...
..#.#
##.....#.###.#
###.# #..####.##
.# #.# #........#
#
###.####.########
#...#....#
#.###.##.#


You could see 2 orc priests and an orc.

Vanquished Creatures
  2 worms
  A dart slug (D:2)
  2 endoplasms (D:2)
  3 goblins (D:2)
  A hobgoblin (D:2)
  A quokka (D:2)
  A ball python (D:2)
  2 bats (D:2)
  A frilled lizard (D:3)
14 creatures vanquished.

Notes
Turn   | Place    | Note
-------+----------+-------------------------------------------
     0 | D:1      | Hasart the Demigod Fighter began the quest for the Orb.
     0 | D:1      | Reached XP level 1. HP: 18/18 MP: 3/3
    31 | D:1      | You fall into a shaft and drop 1 floor!
   443 | D:2      | Reached XP level 2. HP: 11/25 MP: 4/4
  1711 | D:3      | HP: 1/25 [orc priest/+0 club (3)]
  1711 | D:3      | Mangled by an orc

Illustrated notes

Levels and vault maps discovered:
D:1:      mrwooster_arrival_statue_2, layout_basic
D:2:      layout_rooms, serial_co_window_serial, co_window_corner_a,
          co_window_corner_a, co_window_paths_b, co_window_corner_a,
          co_window_corner_a, co_window_corner_cb, co_window_corner_ca,
          co_window_of_opportunity_b, co_window_unsneaky_path_d,
          co_window_unsneaky_path_d, co_window_paths_c, co_window_4corner_b,
          glass_columns_a, glass_columns_a, glass_columns_a, glass_columns_a
D:3:      layout_basic, basic_ecumenical_altar, nrook_mini_backslash,
          minmay_goblin_kobold_house, uniq_jessica

Skill      XL: |  1 |
---------------+----+-----
Axes           | 2 |  2.4
Fighting       | |  2.9
Armour         | |  2.8
Shields        | |  2.8

Action                   || total
-------------------------++-------
Melee: War axe           ||    44
Armor: Scale mail        ||    20
Dodge: Dodged            ||    16
Block: Kite shield       ||    19
       Tower shield      ||     2

Table legend: (Time is in decaauts)
 A = Elapsed time spent in this place.
 B = Non-inter-level travel time spent in this place.
 C = Inter-level travel time spent in this place.
 D = Time resting spent in this place.
 E = Time spent auto-exploring this place.
 F = Levels seen in this place.
 G = Mean time per level.
                   A        B        C        D        E       F      G
               +--------+--------+--------+--------+--------+-----+--------+
         Total |   1739 |   1672 |     67 |      0 |   1509 |   3 |  579.7 |
       Dungeon |   1739 |   1672 |     67 |      0 |   1509 |   3 |  579.7 |
               +--------+--------+--------+--------+--------+-----+--------+

Top non-repeatable levels by time:
     D:2: 1397 daAuts
     D:3: 311 daAuts
     D:1: 31 daAuts
